 Dungeon Crawl Stone Soup version 0.28.0-53-g5a82cb258f (webtiles) character file.

Game seed: 6469087528103981972

0 purpskrrrp the Ducker (level 1, -1/19 HPs)
             Began as an Ogre Wanderer on June 23, 2022.
             Killed from afar by a dart slug (2 damage)
             ... with a slug dart
             ... on level 1 of the Dungeon.
             The game lasted 00:00:20 (63 turns).

purpskrrrp the Ducker (Ogre Wanderer)                 Turns: 63, Time: 00:00:21

Health: -1/19      AC:  3    Str: 14    XL:     1   Next: 10%
Magic:  2/2        EV:  8    Int: 14    God:
Gold:   0          SH:  6    Dex:  8    Spells: 1/2 levels left

rFire   . . .      SeeInvis .   a - +0 club
rCold   . . .      Faith    .   c - +0 kite shield
rNeg    . . .      Spirit   .   e - +0 robe
rPois   .          Reflect  .   (helmet restricted)
rElec   .          Harm     .   (no cloak)
rCorr   .          Rampage  .   (gloves unavailable)
Will    .....                   (boots unavailable)
Stlth   +.........              (no amulet)
HPRegen 0.06/turn               (no ring)
MPRegen 0.08/turn               (no ring)

@: no status effects
A: large, unfitting armour, tough skin 1
a: no special abilities


You were on level 1 of the Dungeon.
You visited 1 branch of the dungeon, and saw 1 of its levels.

Inventory:

Hand Weapons
 a - a +0 club (weapon)
Missiles
 b - 4 throwing nets (quivered)
 d - 31 stones
Armour
 c - a +0 kite shield (worn)
 e - a +0 robe (worn)


   Skills:
 + Level 1.3 Fighting
 + Level 3.6 Dodging
 + Level 1.0 Shields
 + Level 1.2 Spellcasting
 + Level 2.6 Earth Magic


You had one spell level left.
You knew the following spells:

 Your Spells              Type           Power      Damage    Failure   Level
a - Sandblast             Erth           16%        2d6       22%         1

Your spell library contained the following spells:

 Spells                   Type           Power      Damage    Failure   Level
 Stone Arrow              Conj/Erth      8%         3d7       75%         3


Dungeon Overview and Level Annotations

Branches:
Dungeon (1/15)

Altars:


Innate Abilities, Weirdness & Mutations

You are too large for most types of armour.
You have tough skin. (AC +1)


Message History

The dart slug launches a dart at you. You block the slug dart.
The frilled lizard misses you.
You barely miss the frilled lizard. The rat bites you but does no damage.
The dart slug bites you.
The frilled lizard bites you but does no damage.
The rat completely misses you.
You closely miss the frilled lizard. The frilled lizard barely misses you.
The dart slug briefly extends its eye-stalks.
The dart slug bites you. You block the rat's attack.
You closely miss the frilled lizard. The frilled lizard barely misses you.
The rat bites you but does no damage. The dart slug launches a dart at you.
The slug dart hits you. You block the frilled lizard's attack.
You block the rat's attack.
You closely miss the frilled lizard. The dart slug barely misses you.
The frilled lizard bites you but does no damage.
The rat closely misses you.
You closely miss the frilled lizard. The frilled lizard bites you.
The rat barely misses you. The dart slug launches a dart at you.
The slug dart hits you. The frilled lizard bites you.
The rat bites you but does no damage.
You barely miss the frilled lizard.
The dart slug bites you but does no damage.
You block the frilled lizard's attack. The rat bites you.
You miss the frilled lizard. The frilled lizard bites you.
You block the dart slug's attack. The rat barely misses you.
The frilled lizard bites you but does no damage.
You hit the frilled lizard.
You kill the frilled lizard!
The rat bites you but does no damage. The dart slug bites you.
* * * LOW HITPOINT WARNING * * *
The rat bites you but does no damage. The dart slug bites you.
* * * LOW HITPOINT WARNING * * *
The rat bites you.
* * * LOW HITPOINT WARNING * * *
The dart slug launches a dart at you. The slug dart hits you.
You die...

......... ###.......
.......... #.......###
#.........#
#.........# ##
#.........# ...
#.....@...###...
#....r..........
#....w..........
#...............
########........ #.
######........ #§w
####..##......... ≈(≈
..###...........
≈≈######.#.###########


You could see a dart slug and a rat.

Vanquished Creatures
  A frilled lizard (D:1)
1 creature vanquished.

Notes
Turn   | Place    | Note
-------+----------+-------------------------------------------
     0 | D:1      | purpskrrrp the Ogre Wanderer began the quest for the Orb.
     0 | D:1      | purpskrrrp set off with the following items: a +0 club, 4
                  | throwing nets, a +0 kite shield, 31 stones, a +0 robe; and
                  | the following spell memorised: Sandblast; and the following
                  | spells available to memorise: Stone Arrow
     0 | D:1      | Reached XP level 1. HP: 19/19 MP: 2/2
    63 | D:1      | Killed from afar by a dart slug

Illustrated notes

Levels and vault maps discovered:
D:1:      dpeg_arrival_brainrot, layout_basic

Action                   || total
-------------------------++-------
Melee: Club              ||    10
Armor: Robe              ||    11
Dodge: Dodged            ||     9
Block: Kite shield       ||     8
